Map: Moebius Facility XX-1

Players

Loken

  • Race: Protoss Protoss
  • League: Platinum
  • Spawn Location: 6:00

dallaskuken

  • Race: Protoss Protoss
  • League: Platinum
  • Spawn Location: 5:00

yasozdal

  • Race: Terran Terran
  • League: Diamond
  • Spawn Location: 12:00

Lirosic

  • Race: Protoss Protoss
  • Spawn Location: 11:00

VOD

Have the link to the VOD?

Description

Time

  • Played on: April 6, 2017, 8:36 a.m.
  • Length: 12:33
Show
View Real Time Build Order
Export as new Build Order

Loken Protoss 

Build Orders:  

Get SALT Encoding   

  12  0:01  Probe (Chrono Boost)  
  13  0:12  Probe (Chrono Boost)  
  14  0:19  Pylon  
  14  0:23  Probe (Chrono Boost)  
  15  0:32  Assimilator  
  15  0:41  Gateway  
  15  0:45  Probe (Chrono Boost)  
  16  0:55  Probe (Chrono Boost)  
  17  1:06  Probe (Chrono Boost)  
  18  1:16  Probe (Chrono Boost)  
  19  1:27  Probe (Chrono Boost)  
  19  1:29  Cybernetics Core  
  20  1:33  Assimilator  
  20  1:37  Probe (Chrono Boost)  
  21  1:47  Zealot  
  23  1:59  Pylon  
  23  2:02  Gateway  
  23  2:06  Warp Gate, Gateway  
  23  2:13  Pylon  
  23  2:17  Probe (Chrono Boost)  
  23  2:19  Stalker  
  26  2:27  Probe (Chrono Boost)  
  27  2:50  Twilight Council  
  27  2:54  Stalker  
  27  2:55  Stalker  
  31  2:59  Stalker  
  33  3:28  Pylon  
  33  3:33  Stalker  
  33  3:34  Stalker x2  
  39  3:56  Resonating Glaives  
  39  4:30  Adept  
  39  4:31  Adept x2  
  45  4:40  Pylon  
  45  4:50  Probe (Chrono Boost)  
  46  4:56  Nexus  
  46  5:00  Probe (Chrono Boost)  
  46  5:01  Adept x3  
  46  5:06  Pylon  
  53  5:20  Pylon  
  53  5:31  Adept x3  
  59  5:48  Gateway  
  59  5:50  Gateway  
  59  6:03  Stalker  
  59  6:04  Stalker  
  63  6:13  Blink  
  60  6:41  Probe (Chrono Boost)  
  60  6:44  Probe (Chrono Boost)  
  58  6:52  Probe (Chrono Boost)  
  59  6:54  Probe (Chrono Boost)  
  59  6:58  Robotics Facility  
  60  7:03  Probe (Chrono Boost)  
  60  7:05  Probe (Chrono Boost)  
  60  7:06  Forge  
  63  7:15  Probe (Chrono Boost)  
  63  7:26  Probe (Chrono Boost)  
  64  7:36  Probe (Chrono Boost)  
  57  7:38  Stalker x2  
  57  7:40  Stalker  
  61  7:49  Observer  
  62  7:55  Probe (Chrono Boost)  
  62  7:57  Probe (Chrono Boost)  
  64  8:05  Probe (Chrono Boost)  
  65  8:08  Probe (Chrono Boost)  
  64  8:18  Probe (Chrono Boost)  
  65  8:23  Stalker x4  
  73  8:38  Probe (Chrono Boost)  
  75  8:48  Probe (Chrono Boost)  
  75  8:49  Protoss Ground Armor Level 1  
  75  8:55  Forge  
  75  8:57  Templar Archives  
  75  8:59  Probe (Chrono Boost)  
  76  9:04  Probe (Chrono Boost)  
  76  9:06  Assimilator  
  76  9:08  Assimilator  
  77  9:12  Photon Cannon  
  77  9:14  Probe (Chrono Boost)  
  77  9:16  Photon Cannon  
  78  9:45  High Templar  
  78  9:46  High Templar  
  78  9:49  Zealot x2  
  78  10:45  Stalker x2  
  78  10:46  Stalker x2  
  78  11:11  Zealot  
  78  11:12  Zealot x3  
  86  11:19  Pylon x2  
  86  11:21  Pylon  
  86  11:28  Gateway  
  86  11:30  Gateway  
  86  11:32  Gateway  
  59  11:57  Zealot x2  
  59  11:58  Zealot x3  
Show
View Real Time Build Order
Export as new Build Order

dallaskuken Protoss 

Build Orders: 1 Gate Expand 

Get SALT Encoding   

  12  0:01  Probe (Chrono Boost)  
  13  0:11  Probe (Chrono Boost)  
  14  0:20  Pylon  
  14  0:27  Probe (Chrono Boost)  
  15  0:46  Probe (Chrono Boost)  
  16  0:55  Gateway  
  16  0:56  Probe (Chrono Boost)  
  17  1:07  Probe (Chrono Boost)  
  18  1:20  Nexus  
  18  1:45  Pylon  
  18  2:06  Probe (Chrono Boost)  
  19  2:17  Probe (Chrono Boost)  
  20  2:23  Assimilator  
  20  2:27  Probe (Chrono Boost)  
  20  2:28  Assimilator, Pylon  
  21  2:32  Probe (Chrono Boost)  
  22  2:38  Probe (Chrono Boost)  
  22  2:43  Probe (Chrono Boost)  
  24  2:52  Cybernetics Core  
  24  2:53  Probe (Chrono Boost)  
  24  2:55  Probe (Chrono Boost)  
  26  3:04  Probe (Chrono Boost)  
  27  3:06  Gateway  
  27  3:07  Gateway  
  27  3:11  Gateway  
  27  3:14  Gateway, Probe (Chrono Boost)  
  27  3:15  Warp Gate  
  28  3:25  Probe (Chrono Boost)  
  29  3:31  Stalker  
  31  3:36  Assimilator, Probe (Chrono Boost)  
  31  3:40  Assimilator, Probe (Chrono Boost)  
  33  3:46  Probe (Chrono Boost)  
  34  3:52  Probe (Chrono Boost)  
  35  3:57  Probe (Chrono Boost)  
  35  3:59  Twilight Council  
  36  4:04  Probe (Chrono Boost)  
  36  4:06  Forge  
  36  4:07  Probe (Chrono Boost)  
  38  4:16  Probe (Chrono Boost)  
  39  4:18  Stalker, Probe (Chrono Boost)  
  39  4:19  Stalker  
  44  4:28  Probe x2 (Chrono Boost)  
  46  4:31  Blink  
  46  4:35  Pylon  
  46  4:42  Pylon  
  46  4:44  Protoss Ground Weapons Level 1  
  46  4:45  Pylon  
  46  4:53  Stalker, Probe (Chrono Boost)  
  46  4:55  Probe (Chrono Boost)  
  50  5:05  Probe (Chrono Boost)  
  51  5:28  Stalker  
  51  5:29  Stalker x3  
  59  5:52  Pylon  
  59  5:54  Pylon  
  59  5:56  Pylon  
  59  5:57  Pylon  
  46  6:12  Stalker x2  
  46  6:13  Stalker x3  
  56  6:27  Pylon  
  56  6:41  Gateway x2  
  56  6:44  Gateway  
  56  6:46  Gateway  
  56  6:49  Photon Cannon  
  57  6:55  Probe (Chrono Boost)  
  57  6:59  Stalker x2  
  61  7:07  Probe (Chrono Boost)  
  62  7:09  Photon Cannon  
  62  7:19  Probe (Chrono Boost)  
  64  7:31  Probe (Chrono Boost)  
  64  7:43  Probe (Chrono Boost)  
  63  8:22  Pylon  
  62  8:27  Stalker x5  
  62  8:28  Stalker x3  
  62  8:33  Protoss Ground Weapons Level 2  
  78  9:04  Nexus  
  78  9:08  Pylon  
  78  9:09  Stalker  
  80  9:11  Pylon  
  80  9:13  Pylon  
  80  9:27  Photon Cannon  
  80  9:28  Photon Cannon  
  80  9:43  Photon Cannon  
  80  9:47  Photon Cannon  
  80  9:52  Pylon  
  80  9:56  Probe (Chrono Boost)  
  82  10:08  Probe (Chrono Boost)  
  82  10:10  Probe (Chrono Boost)  
  83  10:20  Probe (Chrono Boost)  
  85  10:22  Probe (Chrono Boost)  
  73  10:32  Probe (Chrono Boost)  
  73  10:34  Probe (Chrono Boost)  
  70  10:44  Probe (Chrono Boost)  
  70  10:46  Probe (Chrono Boost)  
  70  10:47  Templar Archives  
  71  10:56  Probe (Chrono Boost)  
  73  10:58  Probe (Chrono Boost)  
  73  11:11  Assimilator  
  73  11:13  Assimilator  
  73  11:20  Stalker x2  
  73  11:21  Stalker x3  
  73  11:22  Stalker x2  
  73  11:23  Stalker x2  
  87  12:02  Stalker  
  87  12:03  Stalker x4  
  87  12:04  Stalker x4  
  45  12:27  High Templar  
  45  12:28  High Templar x6  
Show
View Real Time Build Order
Export as new Build Order

yasozdal Terran 

Build Orders: MMM Bio 

Get SALT Encoding   

  12  0:04  SCV  
  13  0:16  SCV  
  13  0:19  Supply Depot  
  14  0:28  SCV  
  15  0:41  SCV, Barracks  
  16  0:46  Refinery  
  16  0:53  SCV  
  17  1:05  SCV  
  18  1:17  SCV  
  19  1:30  Barracks Reactor  
  19  1:31  Orbital Command  
  19  1:51  Command Center  
  19  1:59  SCV  
  19  2:07  Supply Depot  
  19  2:08  Refinery  
  19  2:12  Marine x2  
  21  2:19  SCV  
  22  2:31  Marine x2  
  24  2:37  SCV  
  24  2:42  Factory  
  25  2:49  SCV  
  26  2:54  Marine x2  
  28  3:00  Barracks  
  28  3:01  SCV  
  29  3:14  SCV, Marine  
  29  3:16  Marine  
  29  3:19  Orbital Command  
  32  3:26  Factory Tech Lab  
  32  3:29  SCV  
  33  3:36  Marine  
  33  3:37  Starport  
  33  3:40  Marine  
  35  3:46  SCV  
  35  3:47  SCV  
  37  3:50  Widow Mine  
  37  3:51  Barracks Tech Lab  
  39  3:58  SCV  
  39  3:59  SCV  
  41  4:03  Supply Depot  
  41  4:05  Marine x2  
  43  4:11  SCV  
  43  4:12  Refinery  
  43  4:15  Medivac  
  46  4:22  Supply Depot  
  46  4:25  SCV  
  46  4:26  SCV  
  46  4:31  Stimpack  
  48  4:33  Marine  
  48  4:34  Widow Mine  
  48  4:37  SCV  
  52  4:46  Engineering Bay  
  52  4:47  Supply Depot  
  52  4:49  Starport Reactor  
  52  4:55  Marine x2  
  52  4:56  Marauder  
  52  4:58  SCV  
  58  5:00  SCV  
  58  5:05  Supply Depot  
  58  5:12  SCV x2, Refinery  
  60  5:16  Marine x2  
  62  5:28  Barracks  
  62  5:30  Terran Infantry Weapons Level 1  
  62  5:31  Factory, SCV  
  62  5:34  Medivac  
  65  5:38  Marine x2  
  65  5:39  Marine  
  68  5:55  Marine  
  68  5:56  Marine, Siege Tank  
  73  5:57  Marauder  
  75  6:08  Medivac  
  77  6:12  Supply Depot  
  77  6:17  Supply Depot  
  77  6:19  Medivac  
  77  6:23  Engineering Bay  
  77  6:25  Armory, Barracks Tech Lab  
  79  6:27  Marauder  
  79  6:30  Factory Tech Lab, Marine x2  
  79  6:31  Combat Shields  
  83  6:41  SCV  
  83  6:42  SCV  
  83  6:44  Marine  
  86  6:47  Marine x2  
  86  6:52  Marine  
  89  6:58  Missile Turret  
  89  7:01  Terran Infantry Armor Level 1  
  89  7:02  Marine  
  89  7:03  Missile Turret, Siege Tank  
  89  7:05  Marine  
  89  7:07  Marine  
  95  7:08  Concussive Shells  
  95  7:14  Terran Vehicle Weapons Level 1  
  95  7:20  Marauder  
  95  7:32  Command Center  
  95  7:35  Supply Depot  
  95  7:39  Terran Infantry Weapons Level 2  
  95  7:48  Marine x3  
  95  7:49  Marauder  
  97  8:14  Marauder, Marine x3  
  97  8:15  Siege Tank x2  
  97  8:17  Medivac  
  110  8:23  Supply Depot  
  110  8:24  Supply Depot  
  110  8:37  Marine x2  
  110  8:38  Marauder x2  
  116  8:42  Barracks  
  116  8:43  Barracks  
  116  8:47  Orbital Command  
  116  8:55  Marine  
  117  9:00  Terran Infantry Armor Level 2  
  117  9:08  Siege Tank  
  117  9:09  Siege Tank  
  123  9:10  Marine x2  
  125  9:26  Orbital Command  
  125  9:34  Barracks Reactor, Barracks Tech Lab  
  125  9:36  Marine  
  125  9:37  Marine x2  
  125  9:38  Marauder  
  130  9:45  Terran Vehicle Weapons Level 2  
  130  9:54  Marine x2  
  130  9:55  Marauder  
  130  9:56  Siege Tank  
  137  10:03  Refinery  
  137  10:05  Refinery  
  137  10:09  Orbital Command  
  136  10:35  Marine x2  
  136  10:36  Marauder x3, Marine x2  
  145  10:46  SCV x2  
  144  10:53  Marine x2  
  146  10:57  Marauder x2  
  150  11:05  Supply Depot  
  150  11:12  SCV x3  
  150  11:15  Marauder, Marine x2  
  157  11:27  Marauder, Marine x2  
  157  11:28  Supply Depot  
  157  11:32  Marine  
  162  11:33  Marine x2  
  162  11:36  Marine  
  165  11:50  Marauder, Siege Tank x2  
  165  11:51  Supply Depot  
  173  12:10  Marine  
  173  12:11  Command Center  
  173  12:14  Marine x4, Supply Depot  
Show
View Real Time Build Order
Export as new Build Order

Lirosic Protoss 

Build Orders:  

Get SALT Encoding   

  12  0:01  Probe (Chrono Boost)  
  13  0:11  Probe (Chrono Boost)  
  14  0:20  Pylon  
  14  0:23  Probe (Chrono Boost)  
  15  0:30  Assimilator  
  15  0:38  Probe (Chrono Boost)  
  16  0:48  Forge  
  16  0:49  Probe (Chrono Boost)  
  17  1:04  Gateway  
  17  1:09  Gateway  
  17  1:12  Probe (Chrono Boost)  
  18  1:22  Probe (Chrono Boost)  
  19  1:37  Photon Cannon  
  19  1:39  Photon Cannon  
  19  2:06  Zealot x2  
  23  2:12  Assimilator  
  23  2:37  Cybernetics Core  
  23  2:42  Pylon  
  23  2:45  Pylon  
  23  2:48  Pylon  
  23  3:00  Zealot x2, Probe (Chrono Boost)  
  28  3:14  Nexus  
  28  3:21  Pylon  
  28  3:25  Mothership Core (Chrono Boost)  
  30  3:34  Adept  
  30  3:39  Adept  
  34  3:45  Probe (Chrono Boost)  
  36  3:55  Probe (Chrono Boost)  
  36  4:05  Stalker  
  36  4:06  Probe (Chrono Boost)  
  36  4:08  Stalker  
  41  4:17  Probe (Chrono Boost)  
  42  4:27  Probe (Chrono Boost)  
  43  4:37  Stargate  
  43  4:38  Probe (Chrono Boost)  
  44  4:40  Stargate  
  44  4:44  Probe (Chrono Boost)  
  45  4:53  Zealot  
  45  4:54  Probe (Chrono Boost)  
  45  4:56  Zealot  
  50  5:02  Protoss Ground Weapons Level 1  
  50  5:06  Probe (Chrono Boost)  
  51  5:09  Probe (Chrono Boost)  
  52  5:17  Probe (Chrono Boost)  
  52  5:20  Probe (Chrono Boost)  
  54  5:27  Probe (Chrono Boost)  
  55  5:28  Oracle  
  55  5:30  Probe (Chrono Boost)  
  55  5:34  Void Ray  
  63  5:41  Probe (Chrono Boost)  
  64  5:43  Probe (Chrono Boost)  
  65  5:50  Assimilator  
  65  5:52  Probe (Chrono Boost)  
  65  5:53  Assimilator  
  65  5:54  Probe (Chrono Boost)  
  67  6:02  Probe (Chrono Boost)  
  68  6:04  Probe (Chrono Boost)  
  69  6:17  Probe (Chrono Boost)  
  70  6:30  Pylon  
  70  6:32  Pylon  
  70  6:48  Probe x2 (Chrono Boost), Void Ray  
  76  6:59  Probe (Chrono Boost)  
  77  7:12  Nexus  
  77  7:15  Void Ray  
  81  7:19  Zealot x2  
  81  7:22  Nexus  
  85  7:46  Void Ray  
  86  8:03  Pylon  
  86  8:08  Assimilator  
  86  8:16  Assimilator  
  86  8:21  Void Ray  
  86  8:26  Probe (Chrono Boost)  
  91  8:28  Void Ray  
  96  8:34  Probe (Chrono Boost)  
  96  8:35  Probe (Chrono Boost)  
  96  8:37  Probe (Chrono Boost)  
  98  8:44  Probe (Chrono Boost)  
  98  8:46  Probe (Chrono Boost)  
  98  8:47  Probe (Chrono Boost)  
  101  8:55  Probe (Chrono Boost)  
  102  8:56  Probe (Chrono Boost)  
  102  8:58  Probe (Chrono Boost)  
  104  9:03  Stargate  
  104  9:05  Stargate, Probe (Chrono Boost)  
  104  9:07  Probe (Chrono Boost)  
  104  9:08  Stargate, Probe (Chrono Boost)  
  104  9:09  Probe (Chrono Boost)  
  108  9:11  Stargate  
  108  9:13  Stargate  
  108  9:16  Probe (Chrono Boost)  
  109  9:18  Probe (Chrono Boost)  
  109  9:20  Probe (Chrono Boost)  
  109  9:23  Probe (Chrono Boost)  
  112  9:26  Probe (Chrono Boost)  
  112  9:28  Probe (Chrono Boost)  
  112  9:30  Probe (Chrono Boost)  
  115  9:33  Fleet Beacon  
  115  9:34  Probe (Chrono Boost)  
  115  9:37  Probe (Chrono Boost)  
  117  9:39  Probe (Chrono Boost)  
  117  9:41  Probe (Chrono Boost)  
  117  9:43  Assimilator  
  117  9:44  Assimilator  
  117  9:45  Probe (Chrono Boost)  
  120  9:48  Probe (Chrono Boost)  
  120  9:49  Probe (Chrono Boost)  
  120  9:51  Probe (Chrono Boost)  
  123  9:55  Probe (Chrono Boost)  
  124  10:04  Pylon  
  124  10:05  Pylon  
  124  10:07  Pylon  
  124  10:09  Pylon x2  
  124  10:10  Pylon  
  124  10:11  Pylon  
  124  10:12  Pylon  
  124  10:23  Probe x3 (Chrono Boost)  
  127  10:33  Probe (Chrono Boost)  
  128  10:47  Carrier x4  
  128  10:48  Carrier  
  164  11:33  Nexus  
  164  11:42  Nexus  
  176  12:16  Pylon  
  176  12:18  Pylon  
  176  12:20  Pylon  
  176  12:23  Pylon  
  176  12:25  Pylon  
Tags
 
Add a new tag
Caveats
  • Supply blocks, unpowered buildings, or Contaminate may cause inaccurate times.
  • Supply counts are checked every 10 seconds.